Islanders vs Rangers

Created - 19 septembre 2017 at 17:15

Simulating a Pre-Season

Goals
1 2 3 T
Islanders 2 1 0 3
Rangers 1 3 1 5
Shots
1 2 3 T
Islanders 17 13 11 41
Rangers 6 16 11 33

1st period

1. Islanders , Pierre-Alexandr Parenteau 2 (Colin Wilson 2, Niklas Hjalmarsson 1) at 0:43
2. Islanders , Pierre-Alexandr Parenteau 3 (Colin Wilson 3, Brian Boyle 3) at 7:19
3. Rangers , Craig Smith 1 (Connor McDavid 1, Oliver Ekman-Larsson 1) at 8:37

Penalties :
Andy Greene (NYI) for Hooking (Minor) at 4:04, Craig Smith (NYR) for Hooking (Minor) at 9:58, Nate Thompson (NYI) for Tripping (Minor) at 12:13, Matt Niskanen (NYR) for Roughing (Minor) at 19:46

2nd period

4. Islanders , Tyler Bozak 1 (Patrick Sharp 1) at 6:19 (PP)
5. Rangers , Connor McDavid 1 (Matt Niskanen 1, Conor Sheary 1) at 8:37 (PP)
6. Rangers , Michael Del Zotto 1 (Alex Goligoski 1, Connor McDavid 2) at 12:08 (PP)
7. Rangers , Alex Goligoski 1 (Phillip Danault 1, Jamie McGinn 1) at 19:41 (PP)

Penalties :
Matt Niskanen (NYR) for Cross-checking (Minor) at 6:06, Derek Forbort (NYI) for Hooking (Minor) at 8:19, Josh Jooris (NYI) for Hooking (Minor) at 10:34, Roman Polak (NYI) for High sticking (Minor) at 19:05

3rd period

8. Rangers , Oliver Ekman-Larsson 1 (Craig Smith 1, Connor McDavid 3) at 4:40

Penalties :
Luca Sbisa (NYI) for Tripping (Minor) at 7:07, Zack Kassian (NYI) for Tripping (Minor) at 17:17

Goalie Stats

Braden Holtby (NYI), 28 saves from 33 shots - (0.848), L, 1-1-0, 60:00 minutes
Brian Elliott (NYR), 38 saves from 41 shots - (0.927), W, 1-0-0, 60:00 minutes

Players Stats for Islanders

Player Name              G  A  P  +/- PIM S  H  SB GA TA FO     MP     PP MP  PK MP  
------------------------------------------------------------------------------------
Andy Greene              0  0  0   1  2   2  3  2  0  0  0/0    20:52   1:52   4:18 
Brandon Davidson         0  0  0   0  0   0  0  0  0  0  0/0     5:23   0:00   0:00 
Brian Boyle              0  1  1   1  0   1  4  1  0  0  12/22  21:12   2:19   5:52 
Colin Wilson             0  2  2   1  0   3  1  0  0  0  0/0    15:50   1:52   0:02 
Derek Forbort            0  0  0   0  2   0  0  1  0  0  0/0    11:47   0:00   1:33 
Josh Anderson            0  0  0  -1  0   3  2  0  0  0  0/0    15:42   0:00   0:00 
Josh Jooris              0  0  0   0  2   2  0  0  0  0  1/1    15:34   0:00   1:36 
Josh Manson              0  0  0  -1  0   1  3  1  0  0  0/0    22:29   2:19   5:06 
Lars Eller               0  0  0  -1  0   4  0  0  0  0  10/26  20:03   1:52   2:57 
Luca Sbisa               0  0  0   0  2   1  1  2  0  0  0/0    10:14   0:00   0:00 
Mark Fayne               0  0  0   0  0   0  0  0  0  0  0/0     5:30   0:00   0:07 
Nate Thompson            0  0  0   0  2   0  0  0  0  0  4/7     3:49   0:00   0:00 
Niklas Hjalmarsson       0  1  1   1  0   4  3  2  0  0  0/0    21:53   1:52   5:18 
Patrick Sharp            0  1  1   0  0   5  4  1  0  0  3/6    21:37   2:19   4:07 
Pierre-Alexandr Parentea 2  0  2   1  0   5  0  0  0  0  1/1    15:03   1:52   0:00 
Roman Polak              0  0  0  -1  2   3  5  1  0  0  0/0    21:48   2:19   4:26 
Tyler Bozak              1  0  1   0  0   5  0  0  0  0  24/42  25:02   2:19   6:14 
Zack Kassian             0  0  0  -1  2   2  2  0  0  0  0/1    15:41   0:00   0:00 

Players Stats for Rangers

Player Name              G  A  P  +/- PIM S  H  SB GA TA FO     MP     PP MP  PK MP  
------------------------------------------------------------------------------------
Alex Goligoski           1  1  2  -2  0   3  1  1  0  0  0/0    22:41   5:13   2:13 
Benoit Pouliot           0  0  0  -1  0   0  0  0  0  0  0/1     6:36   0:00   0:00 
Brandon Pirri            0  0  0  -1  0   1  0  1  0  0  6/11    6:36   0:00   0:00 
Cedric Paquette          0  0  0   0  0   0  0  0  0  0  1/2    13:15   0:21   1:48 
Connor McDavid           1  3  4   2  0   4  2  0  0  0  11/32  18:23   4:38   0:00 
Conor Sheary             0  1  1   2  0   4  1  0  0  0  0/1    18:23   4:38   0:00 
Craig Smith              1  1  2   2  2   4  5  0  0  0  2/2    18:22   4:38   0:00 
Dale Weise               0  0  0   0  0   2  1  0  0  0  1/1    11:06   0:00   0:00 
Jamie McGinn             0  1  1  -1  0   3  3  0  0  0  0/0    19:44   5:46   0:00 
Justin Falk              0  0  0   0  0   0  0  1  0  0  0/0    12:58   0:00   0:58 
Matt Niskanen            0  1  1   2  4   2  2  3  0  0  0/0    24:19   5:11   1:00 
Michael Del Zotto        1  0  1  -2  0   3  4  2  0  0  0/0    24:01   5:13   2:08 
Nick Bonino              0  0  0   0  0   0  0  1  0  0  10/16  12:54   0:00   1:48 
Nick Schultz             0  0  0   0  0   0  0  4  0  0  0/0    14:03   0:00   2:03 
Oliver Ekman-Larsson     1  1  2   2  0   5  2  3  0  0  0/0    21:56   5:11   0:00 
Ondrej Palat             0  0  0  -1  0   1  0  0  0  0  1/2    22:07   5:46   2:23 
Phillip Danault          0  1  1  -1  0   1  0  0  0  0  19/38  21:46   5:25   2:23 
Tomas Jurco              0  0  0  -1  0   0  0  0  0  0  0/0     6:36   0:00   0:00 

3 Stars

1 - Connor McDavid (NYR)
2 - Oliver Ekman-Larsson (NYR)
3 - Pierre-Alexandr Parenteau (NYI)

Power Play

Islanders - 1 on 3 Attempt(s) - 33.33%
Rangers - 3 on 7 Attempt(s) - 42.86%

Penalty Kill

Islanders - 4 on 7 Attempt(s) - 57.14% - Score 0 goal in Penalty Kill
Rangers - 2 on 3 Attempt(s) - 66.67% - Score 0 goal in Penalty Kill

Team Stat

Islanders - Hits : 28 - Faceoff Wins : 55 - Blocked Shots : 11 - Penalty Minutes : 14
Rangers - Hits : 21 - Faceoff Wins : 51 - Blocked Shots : 16 - Penalty Minutes : 6

Official

Referees : Greg Kimmerly and Wes McCauley
Linesman : Vaughan Rody and Shandor Alphonso

Game Notes

No Game Note

% Time on Ice - Islanders

Lines # - Real PCT - Wanted PCT - Time Play
Normal Forward
1 - 31% - 40% - 13:59
2 - 29% - 30% - 13:01
3 - 35% - 20% - 15:42
4 - 6% - 10% - 2:43
Normal Defense
1 - 33% - 40% - 15:04
2 - 32% - 30% - 14:43
3 - 23% - 20% - 10:15
4 - 12% - 10% - 5:23
PP Forward
1 - 55% - 60% - 2:19
2 - 45% - 40% - 1:52
PP Defense
1 - 55% - 60% - 2:19
2 - 45% - 40% - 1:52
PK Forward
1 - 75% - 60% - 7:49
2 - 25% - 40% - 2:35
PK Defense
1 - 49% - 60% - 5:06
2 - 51% - 40% - 5:18
PK3 Forward
1 - 0% - 60%
2 - 0% - 40%
PK3 Defense
1 - 0% - 60%
2 - 0% - 40%
44 Forward
1 - 0% - 60%
2 - 0% - 40%
44 Defense
1 - 0% - 60%
2 - 0% - 40%
Last Minute Offensive  - 0:00
Last Minute Defensive  - 0:00
Total
Forward - 60:00
Defense - 60:00

% Time on Ice - Rangers

Lines # - Real PCT - Wanted PCT - Time Play
Normal Forward
1 - 30% - 35% - 13:45
2 - 31% - 34% - 13:58
3 - 24% - 21% - 11:06
4 - 15% - 10% - 6:36
Normal Defense
1 - 37% - 36% - 16:45
2 - 34% - 33% - 15:15
3 - 26% - 21% - 12:00
4 - 3% - 10% - 1:25
PP Forward
1 - 45% - 55% - 4:38
2 - 55% - 45% - 5:46
PP Defense
1 - 50% - 60% - 5:11
2 - 50% - 40% - 5:13
PK Forward
1 - 57% - 55% - 2:23
2 - 43% - 45% - 1:48
PK Defense
1 - 49% - 60% - 2:03
2 - 51% - 40% - 2:08
PK3 Forward
1 - 0% - 55%
2 - 0% - 45%
PK3 Defense
1 - 0% - 65%
2 - 0% - 35%
44 Forward
1 - 0% - 55%
2 - 0% - 45%
44 Defense
1 - 0% - 55%
2 - 0% - 45%
Last Minute Offensive  - 0:00
Last Minute Defensive  - 0:00
Total
Forward - 60:00
Defense - 60:00

Play by Play

1st period


0:01 of 1st period - Connor McDavid wins face-off versus Tyler Bozak in neutral zone.
0:01 of 1st period - Matt Niskanen is hit by Patrick Sharp and loses puck.
0:15 of 1st period - Tyler Bozak is hit by Oliver Ekman-Larsson and loses puck.
0:20 of 1st period - Shot by Josh Jooris.
0:20 of 1st period - Stopped by Brian Elliott with a rebound.
0:22 of 1st period - Shot by Josh Manson.
0:22 of 1st period - Stopped by Brian Elliott with a rebound.
0:31 of 1st period - Shot by Tyler Bozak.
0:31 of 1st period - Stopped by Brian Elliott without a rebound.
0:32 of 1st period - Brian Boyle wins face-off versus Phillip Danault in Rangers zone.
0:35 of 1st period - Shot by Andy Greene.
0:35 of 1st period - Shot Blocked by Michael Del Zotto.
0:43 of 1st period - Shot by Colin Wilson.
0:43 of 1st period - Deflect By Pierre-Alexandr Parenteau.
0:43 of 1st period - Goal by Pierre-Alexandr Parenteau - Islanders : 1 - Rangers : 0.
0:44 of 1st period - Nick Bonino wins face-off versus Lars Eller in neutral zone.
0:52 of 1st period - Icing by Derek Forbort.
0:53 of 1st period - Phillip Danault wins face-off versus Lars Eller in Islanders zone.
1:41 of 1st period - Cedric Paquette is hit by Zack Kassian and loses puck.
2:08 of 1st period - Shot by Cedric Paquette.
2:08 of 1st period - Deflect By Dale Weise.
2:08 of 1st period - Stopped by Braden Holtby with a rebound.
2:44 of 1st period - Shot by Colin Wilson.
2:44 of 1st period - Shot Misses the Net.
2:46 of 1st period - Shot by Niklas Hjalmarsson.
2:46 of 1st period - Shot Misses the Net.
2:48 of 1st period - Shot by Andy Greene.
2:48 of 1st period - Shot Blocked by Oliver Ekman-Larsson.
2:50 of 1st period - Shot by Niklas Hjalmarsson.
2:50 of 1st period - Shot Misses the Net.
2:52 of 1st period - Shot by Niklas Hjalmarsson.
2:52 of 1st period - Shot Hit the Post.
2:54 of 1st period - Shot by Pierre-Alexandr Parenteau.
2:54 of 1st period - Shot Misses the Net.
2:56 of 1st period - Shot by Niklas Hjalmarsson.
2:56 of 1st period - Shot Misses the Net.
3:36 of 1st period - Shot by Josh Jooris.
3:36 of 1st period - Stopped by Brian Elliott without a rebound.
3:37 of 1st period - Nate Thompson wins face-off versus Brandon Pirri in Rangers zone.
3:42 of 1st period - Shot by Tyler Bozak.
3:42 of 1st period - Stopped by Brian Elliott without a rebound.
3:43 of 1st period - Phillip Danault wins face-off versus Brian Boyle in Rangers zone.
3:56 of 1st period - Brandon Davidson is hit by Jamie McGinn.
3:57 of 1st period - Off-side.
3:58 of 1st period - Brandon Pirri wins face-off versus Nate Thompson in neutral zone.
4:00 of 1st period - Nick Schultz is hit by Andy Greene and loses puck.
4:04 of 1st period - Minor Penalty to Andy Greene for Hooking.
4:05 of 1st period - Tyler Bozak wins face-off versus Phillip Danault in Islanders zone.
4:05 of 1st period - Roman Polak is hit by Jamie McGinn and loses puck.
4:31 of 1st period - Shot by Ondrej Palat.
4:31 of 1st period - Shot Misses the Net.
4:33 of 1st period - Shot by Alex Goligoski.
4:33 of 1st period - Shot Misses the Net.
4:35 of 1st period - Shot by Alex Goligoski.
4:35 of 1st period - Shot Misses the Net.
4:58 of 1st period - Icing by Alex Goligoski.
4:59 of 1st period - Phillip Danault wins face-off versus Tyler Bozak in Rangers zone.
5:51 of 1st period - Shot by Patrick Sharp.
5:51 of 1st period - Deflect By Lars Eller.
5:51 of 1st period - Stopped by Brian Elliott without a rebound.
5:52 of 1st period - Connor McDavid wins face-off versus Tyler Bozak in Rangers zone.
6:40 of 1st period - Icing by Justin Falk.
6:41 of 1st period - Dale Weise wins face-off versus Patrick Sharp in Rangers zone.
6:41 of 1st period - Dale Weise is hit by Patrick Sharp.
6:58 of 1st period - Roman Polak is hit by Matt Niskanen.
7:02 of 1st period - Shot by Patrick Sharp.
7:02 of 1st period - Stopped by Brian Elliott without a rebound.
7:03 of 1st period - Connor McDavid wins face-off versus Brian Boyle in Rangers zone.
7:09 of 1st period - Off-side.
7:10 of 1st period - Brian Boyle wins face-off versus Brandon Pirri in neutral zone.
7:15 of 1st period - Shot by Colin Wilson.
7:15 of 1st period - Stopped by Brian Elliott with a rebound.
7:19 of 1st period - Shot by Pierre-Alexandr Parenteau.
7:19 of 1st period - Goal by Pierre-Alexandr Parenteau - Islanders : 2 - Rangers : 0.
7:20 of 1st period - Connor McDavid wins face-off versus Tyler Bozak in neutral zone.
7:32 of 1st period - Shot by Patrick Sharp.
7:32 of 1st period - Shot Misses the Net.
7:34 of 1st period - Shot by Roman Polak.
7:34 of 1st period - Stopped by Brian Elliott without a rebound.
7:35 of 1st period - Pierre-Alexandr Parenteau wins face-off versus Phillip Danault in Rangers zone.
8:04 of 1st period - Shot by Phillip Danault.
8:04 of 1st period - Deflect By Jamie McGinn.
8:04 of 1st period - Shot Blocked by Niklas Hjalmarsson.
8:37 of 1st period - Shot by Craig Smith.
8:37 of 1st period - Goal by Craig Smith - Islanders : 2 - Rangers : 1.
8:38 of 1st period - Tyler Bozak wins face-off versus Brandon Pirri in neutral zone.
9:11 of 1st period - Off-side.
9:12 of 1st period - Craig Smith wins face-off versus Lars Eller in neutral zone.
9:15 of 1st period - Zack Kassian is hit by Craig Smith.
9:20 of 1st period - Off-side.
9:21 of 1st period - Lars Eller wins face-off versus Phillip Danault in neutral zone.
9:24 of 1st period - Shot by Zack Kassian.
9:24 of 1st period - Stopped by Brian Elliott with a rebound.
9:44 of 1st period - Shot by Ondrej Palat.
9:44 of 1st period - Shot Misses the Net.
9:46 of 1st period - Shot by Alex Goligoski.
9:46 of 1st period - Shot Misses the Net.
9:54 of 1st period - Shot by Ondrej Palat.
9:54 of 1st period - Stopped by Braden Holtby without a rebound.
9:55 of 1st period - Tyler Bozak wins face-off versus Connor McDavid in Islanders zone.
9:55 of 1st period - Tyler Bozak is hit by Craig Smith.
9:58 of 1st period - Minor Penalty to Craig Smith for Hooking.
9:59 of 1st period - Tyler Bozak wins face-off versus Phillip Danault in Rangers zone.
10:50 of 1st period - Icing by Josh Manson.
10:51 of 1st period - Tyler Bozak wins face-off versus Nick Bonino in Islanders zone.
10:55 of 1st period - Off-side.
10:56 of 1st period - Lars Eller wins face-off versus Nick Bonino in neutral zone.
11:01 of 1st period - Shot by Pierre-Alexandr Parenteau.
11:01 of 1st period - Stopped by Brian Elliott without a rebound.
11:02 of 1st period - Phillip Danault wins face-off versus Lars Eller in Rangers zone.
11:02 of 1st period - Phillip Danault is hit by Colin Wilson.
12:13 of 1st period - Minor Penalty to Nate Thompson for Tripping.
12:14 of 1st period - Tyler Bozak wins face-off versus Connor McDavid in Islanders zone.
12:25 of 1st period - Roman Polak is hit by Connor McDavid and loses puck.
12:59 of 1st period - Shot by Michael Del Zotto.
12:59 of 1st period - Shot Blocked by Patrick Sharp.
13:51 of 1st period - Shot by Conor Sheary.
13:51 of 1st period - Stopped by Braden Holtby without a rebound.
13:52 of 1st period - Ondrej Palat wins face-off versus Patrick Sharp in Islanders zone.
14:09 of 1st period - Shot by Ondrej Palat.
14:09 of 1st period - Shot Misses the Net.
14:11 of 1st period - Shot by Alex Goligoski.
14:11 of 1st period - Stopped by Braden Holtby with a rebound.
14:37 of 1st period - Shot by Zack Kassian.
14:37 of 1st period - Shot Misses the Net.
14:39 of 1st period - Shot by Zack Kassian.
14:39 of 1st period - Shot Blocked by Nick Schultz.
14:41 of 1st period - Shot by Zack Kassian.
14:41 of 1st period - Shot Misses the Net.
14:43 of 1st period - Shot by Derek Forbort.
14:43 of 1st period - Deflect By Lars Eller.
14:43 of 1st period - Shot Blocked by Brandon Pirri.
15:11 of 1st period - Shot by Colin Wilson.
15:11 of 1st period - Stopped by Brian Elliott without a rebound.
15:12 of 1st period - Tyler Bozak wins face-off versus Connor McDavid in Rangers zone.
15:55 of 1st period - Icing by Andy Greene.
15:56 of 1st period - Brian Boyle wins face-off versus Phillip Danault in Islanders zone.
16:06 of 1st period - Icing by Ondrej Palat.
16:07 of 1st period - Lars Eller wins face-off versus Phillip Danault in Rangers zone.
16:08 of 1st period - Shot by Josh Anderson.
16:08 of 1st period - Stopped by Brian Elliott without a rebound.
16:09 of 1st period - Lars Eller wins face-off versus Phillip Danault in Rangers zone.
16:47 of 1st period - Off-side.
16:48 of 1st period - Nick Bonino wins face-off versus Tyler Bozak in neutral zone.
16:52 of 1st period - Dale Weise is hit by Josh Manson and loses puck.
17:51 of 1st period - Shot by Brian Boyle.
17:51 of 1st period - Stopped by Brian Elliott with a rebound.
17:53 of 1st period - Shot by Luca Sbisa.
17:53 of 1st period - Deflect By Pierre-Alexandr Parenteau.
17:53 of 1st period - Shot Misses the Net.
18:27 of 1st period - Shot by Zack Kassian.
18:27 of 1st period - Deflect By Lars Eller.
18:27 of 1st period - Shot Misses the Net.
18:29 of 1st period - Shot by Andy Greene.
18:29 of 1st period - Shot Misses the Net.
18:31 of 1st period - Shot by Lars Eller.
18:31 of 1st period - Shot Misses the Net.
18:45 of 1st period - Shot by Andy Greene.
18:45 of 1st period - Stopped by Brian Elliott with a rebound.
18:53 of 1st period - Shot by Lars Eller.
18:53 of 1st period - Shot Blocked by Alex Goligoski.
18:57 of 1st period - Shot by Josh Anderson.
18:57 of 1st period - Shot Misses the Net.
19:12 of 1st period - Icing by Mark Fayne.
19:13 of 1st period - Phillip Danault wins face-off versus Nate Thompson in Islanders zone.
19:22 of 1st period - Shot by Jamie McGinn.
19:22 of 1st period - Stopped by Braden Holtby without a rebound.
19:23 of 1st period - Connor McDavid wins face-off versus Tyler Bozak in Islanders zone.
19:26 of 1st period - Shot by Conor Sheary.
19:26 of 1st period - Shot Misses the Net.
19:31 of 1st period - Tyler Bozak is hit by Conor Sheary and loses puck.
19:36 of 1st period - Matt Niskanen is hit by Patrick Sharp and loses puck.
19:46 of 1st period - Minor Penalty to Matt Niskanen for Roughing.
19:47 of 1st period - Phillip Danault wins face-off versus Lars Eller in Rangers zone.
Goals for this period are 2 for Islanders vs 1 for Rangers.
Shots for this period are 17 for Islanders vs 6 for Rangers.

2nd period


0:01 of 2nd period - Phillip Danault wins face-off versus Tyler Bozak in neutral zone.
0:10 of 2nd period - Justin Falk is hit by Brian Boyle and loses puck.
0:51 of 2nd period - Off-side.
0:52 of 2nd period - Phillip Danault wins face-off versus Lars Eller in neutral zone.
0:57 of 2nd period - Shot by Phillip Danault.
0:57 of 2nd period - Shot Blocked by Andy Greene.
1:43 of 2nd period - Shot by Brian Boyle.
1:43 of 2nd period - Shot Blocked by Nick Bonino.
1:47 of 2nd period - Shot by Josh Anderson.
1:47 of 2nd period - Shot Misses the Net.
2:00 of 2nd period - Off-side.
2:01 of 2nd period - Brandon Pirri wins face-off versus Tyler Bozak in neutral zone.
3:22 of 2nd period - Shot by Lars Eller.
3:22 of 2nd period - Shot Blocked by Nick Schultz.
3:44 of 2nd period - Shot by Colin Wilson.
3:44 of 2nd period - Shot Blocked by Justin Falk.
3:46 of 2nd period - Shot by Colin Wilson.
3:46 of 2nd period - Shot Misses the Net.
3:48 of 2nd period - Shot by Andy Greene.
3:48 of 2nd period - Shot Misses the Net.
3:50 of 2nd period - Shot by Brian Boyle.
3:50 of 2nd period - Shot Misses the Net.
3:52 of 2nd period - Shot by Colin Wilson.
3:52 of 2nd period - Shot Misses the Net.
3:54 of 2nd period - Shot by Niklas Hjalmarsson.
3:54 of 2nd period - Stopped by Brian Elliott without a rebound.
3:55 of 2nd period - Brian Boyle wins face-off versus Connor McDavid in Rangers zone.
4:14 of 2nd period - Shot by Conor Sheary.
4:14 of 2nd period - Deflect By Craig Smith.
4:14 of 2nd period - Shot Misses the Net.
4:16 of 2nd period - Shot by Craig Smith.
4:16 of 2nd period - Stopped by Braden Holtby without a rebound.
4:17 of 2nd period - Nick Bonino wins face-off versus Lars Eller in Islanders zone.
4:18 of 2nd period - Shot by Michael Del Zotto.
4:18 of 2nd period - Shot Blocked by Niklas Hjalmarsson.
4:39 of 2nd period - Shot by Josh Anderson.
4:39 of 2nd period - Stopped by Brian Elliott with a rebound.
4:41 of 2nd period - Shot by Lars Eller.
4:41 of 2nd period - Stopped by Brian Elliott without a rebound.
4:42 of 2nd period - Josh Jooris wins face-off versus Conor Sheary in Rangers zone.
4:47 of 2nd period - Shot by Tyler Bozak.
4:47 of 2nd period - Stopped by Brian Elliott without a rebound.
4:48 of 2nd period - Tyler Bozak wins face-off versus Connor McDavid in Rangers zone.
4:55 of 2nd period - Shot by Patrick Sharp.
4:55 of 2nd period - Stopped by Brian Elliott with a rebound.
4:58 of 2nd period - Icing by Matt Niskanen.
4:59 of 2nd period - Brian Boyle wins face-off versus Connor McDavid in Rangers zone.
5:14 of 2nd period - Shot by Pierre-Alexandr Parenteau.
5:14 of 2nd period - Shot Misses the Net.
5:16 of 2nd period - Shot by Brian Boyle.
5:16 of 2nd period - Shot Misses the Net.
5:18 of 2nd period - Shot by Colin Wilson.
5:18 of 2nd period - Shot Misses the Net.
5:22 of 2nd period - Shot by Colin Wilson.
5:22 of 2nd period - Deflect By Brian Boyle.
5:22 of 2nd period - Shot Misses the Net.
5:24 of 2nd period - Shot by Niklas Hjalmarsson.
5:24 of 2nd period - Stopped by Brian Elliott without a rebound.
5:25 of 2nd period - Tyler Bozak wins face-off versus Phillip Danault in Rangers zone.
5:38 of 2nd period - Shot by Tyler Bozak.
5:38 of 2nd period - Stopped by Brian Elliott without a rebound.
5:39 of 2nd period - Lars Eller wins face-off versus Nick Bonino in Rangers zone.
5:46 of 2nd period - Shot by Lars Eller.
5:46 of 2nd period - Shot Misses the Net.
5:51 of 2nd period - Josh Anderson is hit by Matt Niskanen.
6:06 of 2nd period - Minor Penalty to Matt Niskanen for Cross-checking.
6:07 of 2nd period - Tyler Bozak wins face-off versus Ondrej Palat in Rangers zone.
6:09 of 2nd period - Patrick Sharp is hit by Michael Del Zotto and loses puck.
6:19 of 2nd period - Shot by Tyler Bozak.
6:19 of 2nd period - Goal by Tyler Bozak - Islanders : 3 - Rangers : 1.
6:20 of 2nd period - Connor McDavid wins face-off versus Brian Boyle in neutral zone.
6:29 of 2nd period - Shot by Conor Sheary.
6:29 of 2nd period - Stopped by Braden Holtby without a rebound.
6:30 of 2nd period - Phillip Danault wins face-off versus Tyler Bozak in Islanders zone.
7:03 of 2nd period - Matt Niskanen is hit by Roman Polak and loses puck.
7:43 of 2nd period - Off-side.
7:44 of 2nd period - Brian Boyle wins face-off versus Nick Bonino in neutral zone.
8:02 of 2nd period - Shot by Andy Greene.
8:02 of 2nd period - Shot Misses the Net.
8:04 of 2nd period - Shot by Niklas Hjalmarsson.
8:04 of 2nd period - Shot Misses the Net.
8:06 of 2nd period - Shot by Niklas Hjalmarsson.
8:06 of 2nd period - Stopped by Brian Elliott without a rebound.
8:07 of 2nd period - Brandon Pirri wins face-off versus Lars Eller in Rangers zone.
8:07 of 2nd period - Brandon Pirri is hit by Josh Anderson.
8:10 of 2nd period - Icing by Alex Goligoski.
8:11 of 2nd period - Brandon Pirri wins face-off versus Lars Eller in Rangers zone.
8:11 of 2nd period - Alex Goligoski is hit by Zack Kassian and loses puck.
8:19 of 2nd period - Minor Penalty to Derek Forbort for Hooking.
8:20 of 2nd period - Tyler Bozak wins face-off versus Connor McDavid in Islanders zone.
8:28 of 2nd period - Connor McDavid is hit by Andy Greene and loses puck.
8:37 of 2nd period - Shot by Matt Niskanen.
8:37 of 2nd period - Deflect By Connor McDavid.
8:37 of 2nd period - Goal by Connor McDavid - Islanders : 3 - Rangers : 2.
8:38 of 2nd period - Phillip Danault wins face-off versus Lars Eller in neutral zone.
9:04 of 2nd period - Icing by Michael Del Zotto.
9:05 of 2nd period - Phillip Danault wins face-off versus Brian Boyle in Rangers zone.
9:05 of 2nd period - Jamie McGinn is hit by Brian Boyle and loses puck.
10:07 of 2nd period - Shot by Patrick Sharp.
10:07 of 2nd period - Shot Misses the Net.
10:22 of 2nd period - Icing by Andy Greene.
10:23 of 2nd period - Nick Bonino wins face-off versus Tyler Bozak in Islanders zone.
10:23 of 2nd period - Dale Weise is hit by Niklas Hjalmarsson.
10:34 of 2nd period - Minor Penalty to Josh Jooris for Hooking.
10:35 of 2nd period - Tyler Bozak wins face-off versus Phillip Danault in Islanders zone.
11:11 of 2nd period - Shot by Patrick Sharp.
11:11 of 2nd period - Stopped by Brian Elliott without a rebound.
11:12 of 2nd period - Tyler Bozak wins face-off versus Connor McDavid in Rangers zone.
11:35 of 2nd period - Shot by Connor McDavid.
11:35 of 2nd period - Stopped by Braden Holtby without a rebound.
11:36 of 2nd period - Patrick Sharp wins face-off versus Phillip Danault in Islanders zone.
12:02 of 2nd period - Shot by Oliver Ekman-Larsson.
12:02 of 2nd period - Stopped by Braden Holtby without a rebound.
12:03 of 2nd period - Craig Smith wins face-off versus Tyler Bozak in Islanders zone.
12:04 of 2nd period - Shot by Connor McDavid.
12:04 of 2nd period - Stopped by Braden Holtby without a rebound.
12:05 of 2nd period - Connor McDavid wins face-off versus Tyler Bozak in Islanders zone.
12:06 of 2nd period - Shot by Alex Goligoski.
12:06 of 2nd period - Shot Blocked by Brian Boyle.
12:08 of 2nd period - Shot by Michael Del Zotto.
12:08 of 2nd period - Goal by Michael Del Zotto - Islanders : 3 - Rangers : 3.
12:09 of 2nd period - Lars Eller wins face-off versus Connor McDavid in neutral zone.
12:09 of 2nd period - Lars Eller is hit by Craig Smith.
12:21 of 2nd period - Lars Eller is hit by Craig Smith and loses puck.
12:38 of 2nd period - Shot by Craig Smith.
12:38 of 2nd period - Shot Misses the Net.
12:40 of 2nd period - Shot by Alex Goligoski.
12:40 of 2nd period - Shot Misses the Net.
12:42 of 2nd period - Shot by Michael Del Zotto.
12:42 of 2nd period - Shot Blocked by Andy Greene.
12:44 of 2nd period - Shot by Conor Sheary.
12:44 of 2nd period - Stopped by Braden Holtby without a rebound.
12:45 of 2nd period - Nick Bonino wins face-off versus Tyler Bozak in Islanders zone.
12:54 of 2nd period - Shot by Oliver Ekman-Larsson.
12:54 of 2nd period - Shot Misses the Net.
12:56 of 2nd period - Shot by Matt Niskanen.
12:56 of 2nd period - Stopped by Braden Holtby without a rebound.
12:57 of 2nd period - Phillip Danault wins face-off versus Brian Boyle in Islanders zone.
12:57 of 2nd period - Ondrej Palat is hit by Luca Sbisa and loses puck.
13:14 of 2nd period - Shot by Ondrej Palat.
13:14 of 2nd period - Shot Blocked by Derek Forbort.
13:16 of 2nd period - Shot by Nick Schultz.
13:16 of 2nd period - Shot Blocked by Luca Sbisa.
13:18 of 2nd period - Shot by Phillip Danault.
13:18 of 2nd period - Shot Misses the Net.
13:41 of 2nd period - Shot by Patrick Sharp.
13:41 of 2nd period - Stopped by Brian Elliott without a rebound.
13:42 of 2nd period - Connor McDavid wins face-off versus Tyler Bozak in Rangers zone.
13:42 of 2nd period - Connor McDavid is hit by Josh Manson.
13:56 of 2nd period - Icing by Josh Jooris.
13:57 of 2nd period - Tyler Bozak wins face-off versus Cedric Paquette in Islanders zone.
13:57 of 2nd period - Tyler Bozak is hit by Dale Weise.
14:00 of 2nd period - Icing by Josh Jooris.
14:01 of 2nd period - Tyler Bozak wins face-off versus Connor McDavid in Islanders zone.
14:06 of 2nd period - Shot by Conor Sheary.
14:06 of 2nd period - Shot Misses the Net.
14:08 of 2nd period - Shot by Connor McDavid.
14:08 of 2nd period - Stopped by Braden Holtby without a rebound.
14:09 of 2nd period - Brian Boyle wins face-off versus Connor McDavid in Islanders zone.
14:13 of 2nd period - Niklas Hjalmarsson is hit by Craig Smith and loses puck.
14:18 of 2nd period - Shot by Niklas Hjalmarsson.
14:18 of 2nd period - Stopped by Brian Elliott without a rebound.
14:19 of 2nd period - Phillip Danault wins face-off versus Tyler Bozak in Rangers zone.
14:42 of 2nd period - Shot by Phillip Danault.
14:42 of 2nd period - Shot Misses the Net.
14:44 of 2nd period - Shot by Ondrej Palat.
14:44 of 2nd period - Shot Misses the Net.
14:46 of 2nd period - Shot by Jamie McGinn.
14:46 of 2nd period - Shot Misses the Net.
15:58 of 2nd period - Icing by Andy Greene.
15:59 of 2nd period - Brian Boyle wins face-off versus Nick Bonino in Islanders zone.
16:23 of 2nd period - Shot by Lars Eller.
16:23 of 2nd period - Stopped by Brian Elliott without a rebound.
16:24 of 2nd period - Nate Thompson wins face-off versus Benoit Pouliot in Rangers zone.
16:35 of 2nd period - Shot by Oliver Ekman-Larsson.
16:35 of 2nd period - Stopped by Braden Holtby without a rebound.
16:36 of 2nd period - Phillip Danault wins face-off versus Zack Kassian in Islanders zone.
16:36 of 2nd period - Ondrej Palat is hit by Roman Polak and loses puck.
16:42 of 2nd period - Ondrej Palat is hit by Roman Polak.
16:59 of 2nd period - Phillip Danault is hit by Roman Polak and loses puck.
17:21 of 2nd period - Icing by Lars Eller.
17:22 of 2nd period - Lars Eller wins face-off versus Connor McDavid in Islanders zone.
17:24 of 2nd period - Icing by Josh Anderson.
17:25 of 2nd period - Lars Eller wins face-off versus Connor McDavid in Islanders zone.
17:41 of 2nd period - Icing by Craig Smith.
17:42 of 2nd period - Tyler Bozak wins face-off versus Connor McDavid in Rangers zone.
17:50 of 2nd period - Conor Sheary is hit by Niklas Hjalmarsson and loses puck.
18:00 of 2nd period - Craig Smith is hit by Andy Greene and loses puck.
18:39 of 2nd period - Shot by Nick Bonino.
18:39 of 2nd period - Shot Blocked by Luca Sbisa.
18:44 of 2nd period - Off-side.
18:45 of 2nd period - Brian Boyle wins face-off versus Phillip Danault in neutral zone.
18:45 of 2nd period - Mark Fayne is hit by Jamie McGinn and loses puck.
19:03 of 2nd period - Shot by Jamie McGinn.
19:03 of 2nd period - Stopped by Braden Holtby without a rebound.
19:04 of 2nd period - Brandon Pirri wins face-off versus Lars Eller in Islanders zone.
19:04 of 2nd period - Brandon Pirri is hit by Josh Manson.
19:05 of 2nd period - Minor Penalty to Roman Polak for High sticking.
19:06 of 2nd period - Phillip Danault wins face-off versus Tyler Bozak in Islanders zone.
19:07 of 2nd period - Shot by Matt Niskanen.
19:07 of 2nd period - Stopped by Braden Holtby without a rebound.
19:08 of 2nd period - Tyler Bozak wins face-off versus Connor McDavid in Islanders zone.
19:29 of 2nd period - Shot by Conor Sheary.
19:29 of 2nd period - Stopped by Braden Holtby without a rebound.
19:30 of 2nd period - Phillip Danault wins face-off versus Brian Boyle in Islanders zone.
19:35 of 2nd period - Shot by Jamie McGinn.
19:35 of 2nd period - Shot Misses the Net.
19:37 of 2nd period - Shot by Phillip Danault.
19:37 of 2nd period - Shot Misses the Net.
19:39 of 2nd period - Shot by Alex Goligoski.
19:39 of 2nd period - Stopped by Braden Holtby with a rebound.
19:41 of 2nd period - Shot by Alex Goligoski.
19:41 of 2nd period - Goal by Alex Goligoski - Islanders : 3 - Rangers : 4.
19:42 of 2nd period - Nick Bonino wins face-off versus Lars Eller in neutral zone.
Goals for this period are 1 for Islanders vs 3 for Rangers.
Shots for this period are 13 for Islanders vs 16 for Rangers.

3rd period


0:01 of 3rd period - Tyler Bozak wins face-off versus Phillip Danault in neutral zone.
0:04 of 3rd period - Michael Del Zotto is hit by Patrick Sharp and loses puck.
0:30 of 3rd period - Jamie McGinn is hit by Roman Polak and loses puck.
1:20 of 3rd period - Shot by Colin Wilson.
1:20 of 3rd period - Shot Misses the Net.
1:22 of 3rd period - Shot by Brian Boyle.
1:22 of 3rd period - Shot Misses the Net.
1:49 of 3rd period - Icing by Derek Forbort.
1:50 of 3rd period - Nick Bonino wins face-off versus Lars Eller in Islanders zone.
2:09 of 3rd period - Icing by Derek Forbort.
2:10 of 3rd period - Lars Eller wins face-off versus Phillip Danault in Islanders zone.
3:00 of 3rd period - Shot by Patrick Sharp.
3:00 of 3rd period - Stopped by Brian Elliott without a rebound.
3:01 of 3rd period - Nick Bonino wins face-off versus Brian Boyle in Rangers zone.
3:01 of 3rd period - Nick Bonino is hit by Brian Boyle.
3:21 of 3rd period - Shot by Pierre-Alexandr Parenteau.
3:21 of 3rd period - Stopped by Brian Elliott without a rebound.
3:22 of 3rd period - Tyler Bozak wins face-off versus Brandon Pirri in Rangers zone.
3:41 of 3rd period - Shot by Benoit Pouliot.
3:41 of 3rd period - Deflect By Brandon Pirri.
3:41 of 3rd period - Stopped by Braden Holtby with a rebound.
4:10 of 3rd period - Shot by Josh Anderson.
4:10 of 3rd period - Shot Misses the Net.
4:36 of 3rd period - Shot by Craig Smith.
4:36 of 3rd period - Shot Misses the Net.
4:38 of 3rd period - Shot by Oliver Ekman-Larsson.
4:38 of 3rd period - Stopped by Braden Holtby with a rebound.
4:40 of 3rd period - Shot by Oliver Ekman-Larsson.
4:40 of 3rd period - Goal by Oliver Ekman-Larsson - Islanders : 3 - Rangers : 5.
4:41 of 3rd period - Phillip Danault wins face-off versus Brian Boyle in neutral zone.
5:08 of 3rd period - Alex Goligoski is hit by Brian Boyle and loses puck.
5:56 of 3rd period - Shot by Luca Sbisa.
5:56 of 3rd period - Stopped by Brian Elliott without a rebound.
5:57 of 3rd period - Cedric Paquette wins face-off versus Nate Thompson in Rangers zone.
6:20 of 3rd period - Shot by Nick Bonino.
6:20 of 3rd period - Deflect By Dale Weise.
6:20 of 3rd period - Stopped by Braden Holtby without a rebound.
6:21 of 3rd period - Brandon Pirri wins face-off versus Lars Eller in Islanders zone.
6:34 of 3rd period - Shot by Josh Anderson.
6:34 of 3rd period - Shot Blocked by Matt Niskanen.
7:07 of 3rd period - Minor Penalty to Luca Sbisa for Tripping.
7:08 of 3rd period - Tyler Bozak wins face-off versus Connor McDavid in Islanders zone.
7:19 of 3rd period - Shot by Craig Smith.
7:19 of 3rd period - Stopped by Braden Holtby without a rebound.
7:20 of 3rd period - Phillip Danault wins face-off versus Tyler Bozak in Islanders zone.
7:49 of 3rd period - Shot by Matt Niskanen.
7:49 of 3rd period - Shot Misses the Net.
7:51 of 3rd period - Shot by Oliver Ekman-Larsson.
7:51 of 3rd period - Shot Blocked by Josh Manson.
8:14 of 3rd period - Connor McDavid is hit by Niklas Hjalmarsson and loses puck.
9:00 of 3rd period - Shot by Phillip Danault.
9:00 of 3rd period - Shot Misses the Net.
9:16 of 3rd period - Shot by Cedric Paquette.
9:16 of 3rd period - Shot Misses the Net.
9:26 of 3rd period - Shot by Josh Anderson.
9:26 of 3rd period - Stopped by Brian Elliott without a rebound.
9:27 of 3rd period - Brian Boyle wins face-off versus Brandon Pirri in Rangers zone.
9:27 of 3rd period - Brian Boyle is hit by Michael Del Zotto.
10:17 of 3rd period - Tyler Bozak is hit by Alex Goligoski and loses puck.
11:40 of 3rd period - Shot by Phillip Danault.
11:40 of 3rd period - Shot Misses the Net.
11:43 of 3rd period - Icing by Niklas Hjalmarsson.
11:44 of 3rd period - Tyler Bozak wins face-off versus Connor McDavid in Islanders zone.
12:47 of 3rd period - Shot by Phillip Danault.
12:47 of 3rd period - Stopped by Braden Holtby without a rebound.
12:48 of 3rd period - Lars Eller wins face-off versus Nick Bonino in Islanders zone.
13:21 of 3rd period - Zack Kassian is hit by Oliver Ekman-Larsson and loses puck.
13:44 of 3rd period - Shot by Jamie McGinn.
13:44 of 3rd period - Stopped by Braden Holtby without a rebound.
13:45 of 3rd period - Nate Thompson wins face-off versus Connor McDavid in Islanders zone.
13:54 of 3rd period - Shot by Pierre-Alexandr Parenteau.
13:54 of 3rd period - Stopped by Brian Elliott without a rebound.
13:55 of 3rd period - Brian Boyle wins face-off versus Phillip Danault in Rangers zone.
14:14 of 3rd period - Shot by Ondrej Palat.
14:14 of 3rd period - Shot Misses the Net.
14:33 of 3rd period - Icing by Matt Niskanen.
14:34 of 3rd period - Tyler Bozak wins face-off versus Phillip Danault in Rangers zone.
14:54 of 3rd period - Off-side.
14:55 of 3rd period - Nick Bonino wins face-off versus Lars Eller in neutral zone.
15:04 of 3rd period - Alex Goligoski is hit by Josh Anderson and loses puck.
15:12 of 3rd period - Josh Anderson is hit by Michael Del Zotto and loses puck.
15:17 of 3rd period - Shot by Lars Eller.
15:17 of 3rd period - Stopped by Brian Elliott with a rebound.
15:19 of 3rd period - Shot by Lars Eller.
15:19 of 3rd period - Shot Misses the Net.
15:21 of 3rd period - Shot by Zack Kassian.
15:21 of 3rd period - Stopped by Brian Elliott without a rebound.
15:22 of 3rd period - Connor McDavid wins face-off versus Brian Boyle in Rangers zone.
15:24 of 3rd period - Icing by Conor Sheary.
15:25 of 3rd period - Brian Boyle wins face-off versus Connor McDavid in Rangers zone.
15:38 of 3rd period - Shot by Andy Greene.
15:38 of 3rd period - Stopped by Brian Elliott without a rebound.
15:39 of 3rd period - Nate Thompson wins face-off versus Phillip Danault in Rangers zone.
15:41 of 3rd period - Patrick Sharp is hit by Michael Del Zotto and loses puck.
15:52 of 3rd period - Icing by Alex Goligoski.
15:53 of 3rd period - Phillip Danault wins face-off versus Brian Boyle in Rangers zone.
16:18 of 3rd period - Shot by Colin Wilson.
16:18 of 3rd period - Shot Blocked by Michael Del Zotto.
16:20 of 3rd period - Shot by Colin Wilson.
16:20 of 3rd period - Stopped by Brian Elliott without a rebound.
16:21 of 3rd period - Tyler Bozak wins face-off versus Connor McDavid in Rangers zone.
16:24 of 3rd period - Shot by Patrick Sharp.
16:24 of 3rd period - Shot Blocked by Matt Niskanen.
16:30 of 3rd period - Shot by Tyler Bozak.
16:30 of 3rd period - Shot Misses the Net.
16:32 of 3rd period - Shot by Roman Polak.
16:32 of 3rd period - Shot Misses the Net.
16:34 of 3rd period - Shot by Josh Manson.
16:34 of 3rd period - Shot Misses the Net.
16:36 of 3rd period - Shot by Tyler Bozak.
16:36 of 3rd period - Shot Misses the Net.
16:38 of 3rd period - Shot by Roman Polak.
16:38 of 3rd period - Stopped by Brian Elliott with a rebound.
16:40 of 3rd period - Shot by Josh Jooris.
16:40 of 3rd period - Deflect By Tyler Bozak.
16:40 of 3rd period - Shot Misses the Net.
16:42 of 3rd period - Shot by Tyler Bozak.
16:42 of 3rd period - Shot Blocked by Oliver Ekman-Larsson.
16:44 of 3rd period - Shot by Josh Manson.
16:44 of 3rd period - Shot Blocked by Matt Niskanen.
16:46 of 3rd period - Shot by Josh Manson.
16:46 of 3rd period - Shot Blocked by Oliver Ekman-Larsson.
16:48 of 3rd period - Shot by Roman Polak.
16:48 of 3rd period - Stopped by Brian Elliott without a rebound.
16:49 of 3rd period - Nick Bonino wins face-off versus Lars Eller in Rangers zone.
17:17 of 3rd period - Minor Penalty to Zack Kassian for Tripping.
17:18 of 3rd period - Tyler Bozak wins face-off versus Phillip Danault in Islanders zone.
17:34 of 3rd period - Shot by Oliver Ekman-Larsson.
17:34 of 3rd period - Stopped by Braden Holtby without a rebound.
17:35 of 3rd period - Connor McDavid wins face-off versus Tyler Bozak in Islanders zone.
18:06 of 3rd period - Shot by Craig Smith.
18:06 of 3rd period - Stopped by Braden Holtby with a rebound.
18:08 of 3rd period - Shot by Michael Del Zotto.
18:08 of 3rd period - Stopped by Braden Holtby without a rebound.
18:09 of 3rd period - Patrick Sharp wins face-off versus Phillip Danault in Islanders zone.
19:05 of 3rd period - Shot by Alex Goligoski.
19:05 of 3rd period - Shot Blocked by Roman Polak.
19:07 of 3rd period - Shot by Michael Del Zotto.
19:07 of 3rd period - Stopped by Braden Holtby without a rebound.
19:08 of 3rd period - Patrick Sharp wins face-off versus Connor McDavid in Islanders zone.
19:08 of 3rd period - Patrick Sharp is hit by Connor McDavid.
19:15 of 3rd period - Icing by Michael Del Zotto.
19:16 of 3rd period - Connor McDavid wins face-off versus Patrick Sharp in Rangers zone.
19:36 of 3rd period - Shot by Josh Anderson.
19:36 of 3rd period - Deflect By Lars Eller.
19:36 of 3rd period - Shot Blocked by Nick Schultz.
19:38 of 3rd period - Shot by Derek Forbort.
19:38 of 3rd period - Shot Blocked by Nick Schultz.
Goals for this period are 0 for Islanders vs 1 for Rangers.
Shots for this period are 11 for Islanders vs 11 for Rangers.